 Dungeon Crawl Stone Soup version 0.14-a0-155-gd989017 (webtiles) character file.

669 PolkaDot the Ruffian (level 6, -8/63 HPs)
             Began as a Troll Death Knight on Oct 4, 2013.
             Was a Priest of Yredelemnul.
             Mangled by a gnoll
             ... wielding a +0,+0 spear
              (13 damage)
             ... on Level 4 of the Dungeon.
             The game lasted 00:10:01 (2629 turns).

PolkaDot the Ruffian (Troll Death Knight)           Turns: 2629, Time: 00:10:02

HP  -8/63        AC  5     Str 22      XL: 6   Next: 74%
MP   5/6         EV  9     Int  7      God: Yredelemnul [***...]
Gold 219         SH  0     Dex 11      Spells:  0 memorised,  5 levels left

Res.Fire  : x . .   See Invis. : .     - Unarmed
Res.Cold  : + . .   Warding    : .   b - +0 robe (curse)
Life Prot.: . . .   Conserve   : .   (shield restricted)
Res.Poison: .       Res.Corr.  : .   (helmet restricted)
Res.Elec. : .       Clarity    : .   (no cloak)
Sust.Abil.: + .     Spirit.Shd : .   (gloves unavailable)
Res.Mut.  : .       Stasis     : .   (boots unavailable)
Res.Rott. : .       Flight     : .   (no amulet)
Gourmand  : +                        o - ring of sustain abilities {unknown}
                                     c - ring of ice

@: glowing, slightly resistant to hostile enchantments, very unstealthy
A: unfitting armour, claws 3, fast metabolism 3, gourmand, regeneration 2, +10%
hp, saprovore 2, tough skin 2, AC +1
a: Animate Dead, Recall Undead Slaves, Injury Mirror, Renounce Religion


You were on level 4 of the Dungeon.
You worshipped Yredelemnul.
Yredelemnul was most pleased with you.
You were full.

You visited 1 branch of the dungeon, and saw 4 of its levels.

You collected 199 gold pieces.

Inventory:

Armour
 b - a cursed +0 robe (worn)
Magical devices
 s - a wand of random effects (18)
Comestibles
 a - 2 meat rations
 d - 15 sultanas
 f - a choko
Scrolls
 h - 5 scrolls of identify {unknown}
 j - a scroll of teleportation {unknown}
 k - 3 scrolls of remove curse {unknown}
 m - a scroll of fear {unknown}
 r - a scroll of enchant weapon I {unknown}
Jewellery
 c - a ring of ice (left claw)
 o - a ring of sustain abilities (right claw) {unknown}
Potions
 n - a potion of cure mutation
Books
 q - a book of the Tempests

   Spells                             Type                      Level
   Static Discharge                   Conjuration/Air              3
   Lightning Bolt                     Conjuration/Air              5
   Fireball                           Conjuration/Fire             5
   Tornado                            Air                          9
   Shatter                            Earth                        9


   Skills:
 - Level 1.5 Fighting
 - Level 1.2 Dodging
 * Level 7.3 Unarmed Combat
 - Level 2.4 Invocations


You had 5 spell levels left.
You didn't know any spells.

Dungeon Overview and Level Annotations

Branches:
Dungeon (4/27)
 Temple: D:4-7

Altars:
Vehumet


Innate Abilities, Weirdness & Mutations

You are too large for most types of armour.
You have claws for hands.
Your metabolism is lightning-fast.
You like to eat raw meat.
You heal very quickly.
You can eat rotten meat.
You are covered in fur (AC +1).
You have very tough skin (AC +2).
You are robust (+10% HP).


Message History

You claw the gnoll!
You kill the gnoll!
Yredelemnul accepts your kill.
The gnoll hits you from afar with a spear.
The orc unwields an uncursed orcish dagger.
The orc drops an uncursed orcish dagger.
The orc picks up a spear.
The orc wields a spear.
The orc hits you with a spear.
The gnoll hits you from afar with a spear.
* * * LOW HITPOINT WARNING * * *
The gnoll hits you from afar with a spear!
* * * LOW HITPOINT WARNING * * *
You claw the orc!
You kill the orc!
Yredelemnul accepts your kill.
The gnoll hits you from afar with a spear.
* * * LOW HITPOINT WARNING * * *
The gnoll hits you from afar with a spear!
You die...
Your body rises from the dead as a mindless zombie.

#.# #>..#
###.##########...######
.......................
........................
........................
...#############.#######
...# #.# ...# #.# ...#
#@# ...#############)#
...............gg########
......)......h...........
....................o....
######................$.
#..................
#.......)...<......
#.................<.


You could see 2 gnolls.

Vanquished Creatures
  An ogre (D:3)
  2 hounds
  2 scorpions
  A gnoll shaman (D:4)
  An orc wizard (D:3)
  A worker ant (D:3)
  2 adders (D:3)
  3 gnolls (D:4)
  2 giant mites
  An inept feature mimic (D:3)
  A worm (D:3)
  4 giant geckos
  An ooze (D:2)
  7 orcs
  4 ball pythons
  A giant cockroach (D:3)
  3 goblins
  6 hobgoblins
  14 jackals
  11 kobolds
  7 bats
  2 giant newts
  A quokka (D:2)
  8 rats
86 creatures vanquished.

Vanquished Creatures (collateral kills)
  A gnoll (D:3)
1 creature vanquished.

Vanquished Creatures (others)
  A scorpion zombie (D:4)
  A ball python zombie (D:3)
  A goblin zombie (D:3)
  A jackal zombie (D:3)
  A kobold (D:3)
  A kobold zombie (D:3)
  An orc zombie (D:3)
7 creatures vanquished.

Grand Total: 94 creatures vanquished

Notes
Turn   | Place    | Note
--------------------------------------------------------------
     0 | D:1      | PolkaDot, the Troll Death Knight, began the quest for the Orb.
     0 | D:1      | Reached XP level 1. HP: 20/20 MP: 2/2
   181 | D:1      | Reached XP level 2. HP: 26/28 MP: 2/2
   218 | D:1      | Reached skill level 3 in Unarmed Combat
   806 | D:2      | Reached XP level 3. HP: 35/35 MP: 4/4
   862 | D:2      | Acquired Yredelemnul's second power
  1130 | D:2      | Reached skill level 4 in Unarmed Combat
  1415 | D:3      | Reached XP level 4. HP: 37/42 MP: 4/4
  1480 | D:3      | Reached skill level 5 in Unarmed Combat
  1481 | D:3      | Gained mutation: You have large cloven feet. [potion of beneficial mutation]
  1482 | D:3      | Lost mutation: You have large cloven feet. [potion of cure mutation]
  1483 | D:3      | Gained mutation: You are robust (+10% HP). [potion of beneficial mutation]
  1570 | D:3      | Reached XP level 5. HP: 53/53 MP: 5/5
  1658 | D:3      | Noticed an ogre
  1666 | D:3      | Killed an ogre
  1666 | D:3      | Reached skill level 6 in Unarmed Combat
  1723 | D:3      | Found a radiant altar of Vehumet.
  1782 | D:3      | Reached XP level 6. HP: 63/63 MP: 6/6
  2030 | D:3      | Acquired Yredelemnul's third power
  2599 | D:4      | Reached skill level 7 in Unarmed Combat
  2629 | D:4      | Mangled by a gnoll

Action                   |  1- 3 |  4- 6 || total
-------------------------+-------+-------++-------
Melee: Unarmed           |   123 |   122 ||   245
Invok: Animate Remains   |     5 |     8 ||    13
       Animate Dead      |       |     3 ||     3
Evoke: Wand              |       |     3 ||     3
  Use: Potion            |       |     5 ||     5
       Scroll            |       |     4 ||     4
